TOP OF THE 1ST |
Watertown Headhunters batting - Pitching for Punta Cana Hutias : RHP Brian Lovelace
|
Pitching: RHP Brian Lovelace
|
|
Batting: RHB John Weber
|
0-0: Called Strike 0-1: Called Strike 0-2: Strikes out swinging
|
Batting: RHB António Trevino
|
0-0: Called Strike 0-1: Swinging Strike 0-2: Ball 1-2: SINGLE (Groundball, 6MD)
|
Batting: LHB Javier Morales
|
0-0: Ball 1-0: Ground out 4-3 (Groundball, 34D) António Trevino to second
|
Batting: SHB Patrizio Batistuta
|
0-0: Called Strike 0-1: Foul Ball, location: 2F 0-2: Ball 1-2: Foul Ball, location: 2F 1-2: Ground out 4-3 (Groundball, 4D)
|
Top of the 1st over - 0 run(s), 1 hit(s), 0 error(s), 1 left on base; Watertown 0 - Punta Cana 0 |
BOTTOM OF THE 1ST |
Punta Cana Hutias batting - Pitching for Watertown Headhunters : LHP Joe Jewell
|
Pitching: LHP Joe Jewell
|
|
Batting: RHB Argan Kamuliva
|
0-0: Ground out 4-3 (Groundball, 4)
|
Batting: RHB Ricardo Murillo
|
0-0: Ball 1-0: Ball 2-0: Ball 3-0: Called Strike 3-1: Base on Balls
|
Batting: RHB Mike Martínez
|
0-0: Ball Ricardo Murillo is caught stealing 2nd base 1-0: Ball 2-0: Swinging Strike 2-1: Foul Ball, location: 2F 2-2: Foul Ball, location: 2F 2-2: Foul Ball, location: 2F 2-2: Ball 3-2: Base on Balls
|
Batting: LHB Dave Watkins
|
0-0: Swinging Strike 0-1: Foul Ball, location: 2F 0-2: Foul Ball, location: 2F 0-2: Strikes out swinging
|
Bottom of the 1st over - 0 run(s), 0 hit(s), 0 error(s), 1 left on base; Watertown 0 - Punta Cana 0 |
TOP OF THE 2ND |
Watertown Headhunters batting - Pitching for Punta Cana Hutias : RHP Brian Lovelace
|
Batting: LHB Wilson Turner
|
0-0: Foul Ball, location: 2F 0-1: Ball 1-1: Ball 2-1: Ball 3-1: Fly out, F8 (Flyball, 8LM)
|
Batting: LHB Edward Norton
|
0-0: Fly out, F3 (Popup, 3L)
|
Batting: LHB William Mitchell
|
0-0: Foul Ball, location: 2F 0-1: Swinging Strike 0-2: Foul Ball, location: 2F 0-2: Strikes out looking
|
Top of the 2nd over - 0 run(s), 0 hit(s), 0 error(s), 0 left on base; Watertown 0 - Punta Cana 0 |
BOTTOM OF THE 2ND |
Punta Cana Hutias batting - Pitching for Watertown Headhunters : LHP Joe Jewell
|
Batting: SHB Brian Jackson
|
0-0: Ball 1-0: Ball 2-0: Ball 3-0: Ground out 5-3 (Groundball, 5L)
|
Batting: LHB Luis Martínez
|
0-0: Ball 1-0: Ball 2-0: Called Strike 2-1: Foul Ball, location: 2F 2-2: Fly out, F7 (Flyball, 7S)
|
Batting: RHB Edgardo Vásquez
|
0-0: Swinging Strike 0-1: Swinging Strike 0-2: Ball 1-2: SINGLE (Groundball, 56) (infield hit)
|
Batting: RHB Marcus Pittman
|
0-0: Ball 1-0: Ball 2-0: Ball 3-0: Called Strike 3-1: Ground out 3-1 (Groundball, 34S)
|
Bottom of the 2nd over - 0 run(s), 1 hit(s), 0 error(s), 1 left on base; Watertown 0 - Punta Cana 0 |
TOP OF THE 3RD |
Watertown Headhunters batting - Pitching for Punta Cana Hutias : RHP Brian Lovelace
|
Batting: RHB Albert Scott
|
0-0: Called Strike 0-1: Foul Ball, location: 2F 0-2: Strikes out swinging
|
Batting: RHB Millard Ford
|
0-0: Ball 1-0: Foul Ball, location: 2F 1-1: Foul Ball, location: 2F 1-2: Ball 2-2: DOUBLE (Line Drive, 9D)
|
Batting: RHB John Weber
|
0-0: Ball 1-0: Fly out, F4 (Line Drive, 4MD)
|
Batting: RHB António Trevino
|
0-0: Ball 1-0: Ball 2-0: Ball 3-0: Called Strike 3-1: Base on Balls
|
Batting: LHB Javier Morales
|
0-0: Ball 1-0: Swinging Strike 1-1: Foul Ball, location: 2F 1-2: Foul Ball, location: 2F 1-2: Ball 2-2: Strikes out swinging
|
Top of the 3rd over - 0 run(s), 1 hit(s), 0 error(s), 2 left on base; Watertown 0 - Punta Cana 0 |
BOTTOM OF THE 3RD |
Punta Cana Hutias batting - Pitching for Watertown Headhunters : LHP Joe Jewell
|
Batting: RHB Stephen Welshman
|
0-0: Ball 1-0: Foul Ball, location: 2F 1-1: Foul Ball, location: 2F 1-2: Foul Ball, location: 2F 1-2: Foul Ball, location: 2F 1-2: Foul Ball, location: 2F 1-2: Ground out 4-3 (Groundball, 34)
|
Batting: RHB Argan Kamuliva
|
0-0: Ball 1-0: Swinging Strike 1-1: Called Strike 1-2: Foul Ball, location: 2F 1-2: Strikes out looking
|
Batting: RHB Ricardo Murillo
|
0-0: Ball 1-0: Ball 2-0: Ball 3-0: Foul Ball, location: 2F 3-1: Foul Ball, location: 2F 3-2: SINGLE (Flyball, 7LS)
|
Batting: RHB Mike Martínez
|
0-0: Fielders Choice at 2nd, 4-6 (Groundball, 4)
|
Bottom of the 3rd over - 0 run(s), 1 hit(s), 0 error(s), 0 left on base; Watertown 0 - Punta Cana 0 |
TOP OF THE 4TH |
Watertown Headhunters batting - Pitching for Punta Cana Hutias : RHP Brian Lovelace
|
Batting: SHB Patrizio Batistuta
|
0-0: Ball 1-0: Ball 2-0: Ball 3-0: Base on Balls
|
Batting: LHB Wilson Turner
|
0-0: Ball 1-0: Ball 2-0: Called Strike 2-1: Fly out, F9 (Flyball, 9D)
|
Batting: LHB Edward Norton
|
0-0: Ball 1-0: Foul Ball, location: 2F 1-1: Called Strike 1-2: Ball 2-2: Foul Ball, location: 2F 2-2: Strikes out swinging
|
Batting: LHB William Mitchell
|
0-0: Called Strike 0-1: Ground out 4-3 (Groundball, 4S)
|
Top of the 4th over - 0 run(s), 0 hit(s), 0 error(s), 1 left on base; Watertown 0 - Punta Cana 0 |
BOTTOM OF THE 4TH |
Punta Cana Hutias batting - Pitching for Watertown Headhunters : LHP Joe Jewell
|
Batting: LHB Dave Watkins
|
0-0: Foul Ball, location: 2F 0-1: Ball 1-1: Foul Ball, location: 2F 1-2: Ball 2-2: Fly out, F5 (Popup, 5L)
|
Batting: SHB Brian Jackson
|
0-0: Fly out, F3 (Popup, 3D)
|
Batting: LHB Luis Martínez
|
0-0: Ball 1-0: Foul Ball, location: 2F 1-1: Foul Ball, location: 2F 1-2: Ball 2-2: Ball 3-2: Foul Ball, location: 2F 3-2: Strikes out looking
|
Bottom of the 4th over - 0 run(s), 0 hit(s), 0 error(s), 0 left on base; Watertown 0 - Punta Cana 0 |
TOP OF THE 5TH |
Watertown Headhunters batting - Pitching for Punta Cana Hutias : RHP Brian Lovelace
|
Batting: RHB Albert Scott
|
0-0: Foul Ball, location: 2F 0-1: SINGLE (Line Drive, 89S)
|
Batting: RHB Millard Ford
|
0-0: SINGLE (Groundball, 56D) Albert Scott to second
|
Batting: RHB John Weber
|
0-0: Fly out, F9 (Flyball, 9S)
|
Batting: RHB António Trevino
|
0-0: Ball 1-0: Called Strike 1-1: Swinging Strike 1-2: Foul Ball, location: 2F 1-2: Ball 2-2: Foul Ball, location: 2F 2-2: Ball 3-2: Foul Ball, location: 2F 3-2: Foul Ball, location: 2F 3-2: Foul Ball, location: 2F 3-2: Foul Ball, location: 2F 3-2: Foul Ball, location: 2F 3-2: Base on Balls Albert Scott to third Millard Ford to second
|
Batting: LHB Javier Morales
|
0-0: Called Strike 0-1: Called Strike 0-2: Ball 1-2: Ball 2-2: Fielders Choice at 2nd, 4-6 (Groundball, 34) Albert Scott scores Millard Ford to third
|
Pitching: RHP Greg MacGilroy
|
|
Batting: SHB Patrizio Batistuta
|
0-0: Called Strike 0-1: SINGLE (Line Drive, 9LS) Millard Ford scores Javier Morales to second
|
Batting: LHB Wilson Turner
|
0-0: Ball 1-0: Called Strike 1-1: Ball 2-1: Ball 3-1: Base on Balls Javier Morales to third Patrizio Batistuta to second
|
Batting: LHB Edward Norton
|
0-0: Foul Ball, location: 2F 0-1: Foul Ball, location: 2F 0-2: Strikes out swinging
|
Top of the 5th over - 2 run(s), 3 hit(s), 0 error(s), 3 left on base; Watertown 2 - Punta Cana 0 |
BOTTOM OF THE 5TH |
Punta Cana Hutias batting - Pitching for Watertown Headhunters : LHP Joe Jewell
|
Batting: RHB Edgardo Vásquez
|
0-0: Ground out 1-3 (Groundball, 15S)
|
Batting: RHB Marcus Pittman
|
0-0: Foul Ball, location: 2F 0-1: Reached on error, E6 (Groundball, 6)
|
Batting: RHB Stephen Welshman
|
0-0: Ball 1-0: Ball 2-0: Swinging Strike 2-1: Foul Ball, location: 2F 2-2: Strikes out swinging
|
Batting: RHB Argan Kamuliva
|
0-0: Fielders Choice at 2nd, 4-6 (Groundball, 4)
|
Bottom of the 5th over - 0 run(s), 0 hit(s), 1 error(s), 0 left on base; Watertown 2 - Punta Cana 0 |
TOP OF THE 6TH |
Watertown Headhunters batting - Pitching for Punta Cana Hutias : RHP Greg MacGilroy
|
Batting: LHB William Mitchell
|
0-0: Swinging Strike 0-1: Foul Ball, location: 2F 0-2: Ball 1-2: Strikes out looking
|
Batting: RHB Albert Scott
|
0-0: Ball 1-0: Foul Ball, location: 2F 1-1: Foul Ball, location: 2F 1-2: Foul Ball, location: 2F 1-2: Strikes out swinging
|
Batting: RHB Millard Ford
|
0-0: Ball 1-0: Called Strike 1-1: Swinging Strike 1-2: Strikes out looking
|
Top of the 6th over - 0 run(s), 0 hit(s), 0 error(s), 0 left on base; Watertown 2 - Punta Cana 0 |
BOTTOM OF THE 6TH |
Punta Cana Hutias batting - Pitching for Watertown Headhunters : LHP Joe Jewell
|
Batting: RHB Ricardo Murillo
|
0-0: SINGLE (Line Drive, 6D)
|
Batting: RHB Mike Martínez
|
0-0: Ball 1-0: Called Strike 1-1: Ball 2-1: Ball 3-1: Grounds into double play, 5-4-3 (Groundball, 56)
|
Batting: LHB Dave Watkins
|
0-0: Ground out 5-3 (Groundball, 56)
|
Bottom of the 6th over - 0 run(s), 1 hit(s), 0 error(s), 0 left on base; Watertown 2 - Punta Cana 0 |
TOP OF THE 7TH |
Watertown Headhunters batting - Pitching for Punta Cana Hutias : RHP Greg MacGilroy
|
Batting: RHB John Weber
|
0-0: Foul Ball, location: 2F 0-1: Ground out 5-3 (Groundball, 56S)
|
Batting: RHB António Trevino
|
0-0: Called Strike 0-1: Swinging Strike 0-2: Foul Ball, location: 2F 0-2: Strikes out looking
|
Batting: LHB Javier Morales
|
0-0: Called Strike 0-1: Ball 1-1: Called Strike 1-2: Foul Ball, location: 2F 1-2: Fly out, F9 (Flyball, 89M)
|
Top of the 7th over - 0 run(s), 0 hit(s), 0 error(s), 0 left on base; Watertown 2 - Punta Cana 0 |
BOTTOM OF THE 7TH |
Punta Cana Hutias batting - Pitching for Watertown Headhunters : LHP Joe Jewell
|
Batting: SHB Brian Jackson
|
0-0: Called Strike 0-1: Ball 1-1: Fly out, F9 (Flyball, 9LSF)
|
Batting: LHB Luis Martínez
|
0-0: Swinging Strike 0-1: Fly out, F8 (Flyball, 8LD)
|
Batting: RHB Edgardo Vásquez
|
0-0: Ball 1-0: Ball 2-0: Called Strike 2-1: Ball 3-1: Base on Balls
|
Batting: RHB Marcus Pittman
|
0-0: Swinging Strike 0-1: Ball 1-1: Fly out, F3 (Popup, 3S)
|
Bottom of the 7th over - 0 run(s), 0 hit(s), 0 error(s), 1 left on base; Watertown 2 - Punta Cana 0 |
TOP OF THE 8TH |
Watertown Headhunters batting - Pitching for Punta Cana Hutias : RHP Greg MacGilroy
|
Batting: SHB Patrizio Batistuta
|
0-0: SINGLE (Groundball, 34D)
|
Batting: LHB Wilson Turner
|
0-0: Ball 1-0: Ball 2-0: SINGLE (Groundball, 34S) (infield hit) Patrizio Batistuta to second
|
Batting: LHB Edward Norton
|
0-0: Ball 1-0: Called Strike 1-1: Ball 2-1: Fly out, F7 (Flyball, 78M)
|
Batting: LHB William Mitchell
|
0-0: Fly out, F9 (Flyball, 89M)
|
Batting: RHB Albert Scott
|
0-0: Ball 1-0: Called Strike 1-1: Called Strike 1-2: Ball 2-2: Ground out 2-3 (Groundball, 15S)
|
Top of the 8th over - 0 run(s), 2 hit(s), 0 error(s), 2 left on base; Watertown 2 - Punta Cana 0 |
BOTTOM OF THE 8TH |
Punta Cana Hutias batting - Pitching for Watertown Headhunters : LHP Joe Jewell
|
Batting: RHB Stephen Welshman
|
0-0: Swinging Strike 0-1: Foul Ball, location: 2F 0-2: Fly out, F9 (Flyball, 89M)
|
Batting: RHB Argan Kamuliva
|
0-0: Ball 1-0: Swinging Strike 1-1: Ball 2-1: Fly out, F9 (Flyball, 9LSF)
|
Batting: RHB Ricardo Murillo
|
0-0: SINGLE (Groundball, 6M) (infield hit)
|
Batting: RHB Mike Martínez
|
0-0: Ball 1-0: Ball 2-0: Called Strike 2-1: SINGLE (Line Drive, 6D) Ricardo Murillo to second
|
Pinch Hitting: RHB Dave Marshall
|
0-0: Ball 1-0: Swinging Strike 1-1: Foul Ball, location: 2F 1-2: Ball 2-2: Ball 3-2: Base on Balls Ricardo Murillo to third Mike Martínez to second
|
Pitching: RHP Luis Guerrero
|
|
Pinch Hitting: SHB Ken Gibson
|
0-0: Ball 1-0: Called Strike 1-1: Foul Ball, location: 2F 1-2: Strikes out swinging
|
Bottom of the 8th over - 0 run(s), 2 hit(s), 0 error(s), 3 left on base; Watertown 2 - Punta Cana 0 |
TOP OF THE 9TH |
Watertown Headhunters batting - Pitching for Punta Cana Hutias : RHP Greg MacGilroy
|
Now at 1B: José Ayala
|
|
Now in LF: Ken Gibson
|
|
Batting: RHB Millard Ford
|
0-0: Fly out, F7 (Flyball, 7S)
|
Batting: RHB John Weber
|
0-0: Fly out, F8 (Flyball, 8RS)
|
Batting: RHB António Trevino
|
0-0: Foul Ball, location: 2F 0-1: SINGLE (Line Drive, 5D)
|
Pitching: RHP Norberto Díaz
|
|
Batting: LHB Javier Morales
|
0-0: SINGLE (Groundball, 34D) António Trevino to second Runner from 2nd tries for 3rd, SAFE, throw made to third
|
Pitching: RHP Ángel Casillas
|
|
Batting: SHB Patrizio Batistuta
|
0-0: Called Strike 0-1: Foul Ball, location: 2F 0-2: Ball 1-2: Ball 2-2: Ball 3-2: Foul Ball, location: 2F 3-2: Base on Balls Javier Morales to second
|
Batting: LHB Wilson Turner
|
0-0: Foul Ball, location: 2F 0-1: Swinging Strike 0-2: Ball 1-2: Fielders Choice at 2nd, 4-6 (Groundball, 4)
|
Top of the 9th over - 0 run(s), 2 hit(s), 0 error(s), 2 left on base; Watertown 2 - Punta Cana 0 |
BOTTOM OF THE 9TH |
Punta Cana Hutias batting - Pitching for Watertown Headhunters : RHP Luis Guerrero
|
Batting: LHB Luis Martínez
|
0-0: Foul Ball, location: 2F 0-1: Fly out, F7 (Flyball, 7S)
|
Batting: RHB Edgardo Vásquez
|
0-0: Foul Ball, location: 2F 0-1: Ball 1-1: Foul Ball, location: 2F 1-2: Strikes out swinging
|
Pitching: RHP Mike Fitzpatrick
|
|
Batting: RHB Marcus Pittman
|
0-0: Ball 1-0: Foul Ball, location: 2F 1-1: Swinging Strike 1-2: Ball 2-2: Ground out 1-3 (Groundball, 13)
|
Bottom of the 9th over - 0 run(s), 0 hit(s), 0 error(s), 0 left on base; Watertown 2 - Punta Cana 0 |
|